 Dungeon Crawl Stone Soup version 0.27-a0-887-gcab673c142 (webtiles) character file.

Game seed: 8197550484255884445

1444 dolemite99 the Chiller (level 8, -2/62 HPs)
             Began as a White Draconian Transmuter on Apr 3, 2021.
             Was a Priest of Dithmenos.
             Slain by a hornet zombie (6 damage)
             ... on level 6 of the Dungeon.
             The game lasted 00:08:40 (8063 turns).

dolemite99 the Chiller (White Draconian Transmuter) Turns: 8063, Time: 00:08:41

Health: -2/62      AC:  9    Str: 10 (12) XL:     8   Next: 46%
Magic:  10/11      EV: 12    Int: 15 (16) God:    Dithmenos [***...]
Gold:   201        SH:  0    Dex: 10 (12) Spells: 1/11 levels left

rFire    . . .     SeeInvis .   c - +1 short sword (venom)
rCold    + . .     Faith    .   (no shield)
rNeg     . . .     Spirit   .   (armour unavailable)
rPois    +         Reflect  .   (helmet restricted)
rElec    .         Harm     .   q - +0 cloak
rCorr    .         Rampage  .   s - +0 pair of gloves
Will     .....                  v - +0 pair of boots
Stlth    +.........             (no amulet)
HPRegen  0.20/turn              x - ring of poison resistance
MPRegen  0.12/turn              (no ring)

@: wreathed by umbra
A: breathe frost, AC +6, unfitting armour, cold resistance 1, cold-blooded
a: Breathe Frost, Renounce Religion, Shadow Step


You were on level 6 of the Dungeon.
You worshipped Dithmenos.
Dithmenos was most pleased with you.
You visited 1 branch of the dungeon, and saw 6 of its levels.

You collected 201 gold pieces.

Inventory:

Hand Weapons
 c - a +1 short sword of venom (weapon)
 t - a +0 hunting sling
 z - a +0 shortbow
Missiles
 a - 71 sling bullets
 b - 77 arrows
 e - 221 stones
 f - 2 javelins (quivered)
 o - 40 bolts
Armour
 q - a +0 cloak (worn)
 s - a +0 pair of gloves (worn)
 v - a +0 pair of boots (worn)
Jewellery
 x - a ring of poison resistance (left hand)
 y - a ring of ice
Wands
 l - a wand of polymorph (8)
 p - a wand of random effects (20)
Scrolls
 g - a scroll of enchant armour {unknown}
 h - 2 scrolls of amnesia
 i - a scroll of identify {unknown}
 j - a scroll of magic mapping
 m - a scroll of silence {unknown}
 n - a scroll of noise {unknown}
 u - a scroll of immolation {unknown}
 w - 3 scrolls of teleportation
Potions
 d - a potion of cancellation
 k - a potion of degeneration
 r - a potion of berserk rage {unknown}
 A - a potion of invisibility {unknown}


   Skills:
 - Level 2.6 Fighting
 - Level 1.7 Dodging
 - Level 5.8 Unarmed Combat
 - Level 2.0 Spellcasting
 - Level 5.2 Transmutations
 + Level 7.3 Ice Magic
 - Level 3.7 Poison Magic


You had one spell level left.
You knew the following spells:

 Your Spells              Type           Power      Damage    Failure   Level
a - Beastly Appendage     Tmut           34%        N/A       2%          1
b - Wereblood             Tmut           17%        N/A       3%          2
c - Spider Form           Tmut/Pois      7%         N/A       11%         3
d - Ice Form              Ice/Tmut       20%        N/A       17%         4

Your spell library contained the following spells:

 Spells                   Type           Power      Damage    Failure   Level
 Confusing Touch          Hex            1%         N/A       54%         3
 Gell's Gravitas          Tloc           0%         N/A       54%         3
 Hydra Form               Tmut           8%         N/A       56%         5
 Petrify                  Tmut/Erth      9%         N/A       58%         4
 Metabolic Englaciation   Hex/Ice        6%         N/A       80%         5
 Yara's Violent Unravell  Hex/Tmut       4%         3d4       91%         5


Dungeon Overview and Level Annotations

Branches:
Dungeon (6/15)             Temple (0/1) D:5

Altars:
Dithmenos
Qazlal


Innate Abilities, Weirdness & Mutations

You can breathe waves of freezing cold which knock back foes.
Your icy white scales are hard. (AC +6)
You cannot fit into any form of body armour.
Your flesh is cold resistant. (rC+)
You are cold-blooded and may be slowed by cold attacks.


Message History

The hornet zombie is lightly damaged.
The hornet zombie hits you.
You hit the hornet zombie.
The hornet zombie is moderately damaged.
The hornet zombie closely misses you.
You hit the hornet zombie.
The hornet zombie is moderately damaged.
The hornet zombie barely misses you.
You barely miss the hornet zombie.
The hornet zombie is moderately damaged.
The hornet zombie misses you.
You hit the hornet zombie but do no damage.
The hornet zombie is moderately damaged.
The hornet zombie closely misses you. The hornet zombie hits you!
You hit the hornet zombie.
The hornet zombie is heavily damaged.
The hornet zombie hits you.
You hit the hornet zombie but do no damage.
The hornet zombie is heavily damaged.
The hornet zombie barely misses you.
You bite the hornet zombie!
The hornet zombie is severely damaged.
The hornet zombie hits you!
* * * LOW HITPOINT WARNING * * *
Okay, then.
You hit the hornet zombie.
The hornet zombie is severely damaged.
Your transformation has ended.
Your +1 short sword of venom unmelds from your body.
Your +0 cloak unmelds from your body.
Your +0 pair of gloves unmelds from your body.
Your +0 pair of boots unmelds from your body.
Your +1 short sword of venom begins to drip with poison!
The hornet zombie hits you.
* * * LOW HITPOINT WARNING * * *
You hit the hornet zombie. You punch the hornet zombie.
The hornet zombie is almost destroyed.
The hornet zombie hits you but does no damage.
The hornet zombie hits you.
You die...

#.##########
#....Z@....#
#..#######.#
#.# #.# #.#
..# ..# #.#
##.##..# #.#
...# ......#
#.# ...#
#.#...# #.#


You could see a hornet zombie.

Vanquished Creatures
  Prince Ribbit (D:6)
  Sigmund (D:4)
  An ogre (D:2)
  A necrophage (D:2)
  A centaur (D:5)
  2 phantoms (D:4)
  A scorpion (D:5)
  A water moccasin zombie (D:5)
  A howler monkey (D:5)
  4 hounds
  A jelly (D:5)
  2 bullfrog skeletons
  Crazy Yiuf (D:4)
  2 iguanas
  A scorpion zombie (D:5)
  Robin (D:4)
  8 adders
  A white imp (D:5)
  An ufetubus (D:4)
  A worm (D:3)
  4 dart slugs
  3 orcs
  11 ball pythons
  10 endoplasms
  2 giant cockroaches
  18 goblins
  8 hobgoblins
  7 jackals
  5 kobolds
  4 quokkas
  17 bats
  6 frilled lizards (D:1)
  10 rats
138 creatures vanquished.

Notes
Turn   | Place    | Note
-------+----------+-------------------------------------------
     0 | D:1      | dolemite99 the Draconian Transmuter began the quest for the
                  | Orb.
     0 | D:1      | Reached XP level 1. HP: 16/16 MP: 3/3
   174 | D:1      | Reached XP level 2. HP: 6/23 MP: 3/5
   878 | D:1      | Found a faded altar of an unknown god.
   886 | D:1      | Became a worshipper of Dithmenos the Shadowed
   886 | D:1      | Reached * piety under Dithmenos
   931 | D:1      | Reached XP level 3. HP: 27/28 MP: 4/6
  1522 | D:2      | Noticed a necrophage
  1538 | D:2      | Killed a necrophage
  1539 | D:2      | Reached XP level 4. HP: 12/35 MP: 7/7
  1994 | D:2      | Learned a level 2 spell: Wereblood
  2020 | D:2      | Learned a level 3 spell: Spider Form
  2086 | D:2      | Reached XP level 5. HP: 32/40 MP: 8/8
  2379 | D:2      | Reached ** piety under Dithmenos
  2417 | D:2      | Noticed an ogre
  2424 | D:2      | Killed an ogre
  2425 | D:2      | Reached skill level 5 in Transmutations
  2698 | D:2      | Reached XP level 6. HP: 43/47 MP: 9/9
  3517 | D:2      | Reached skill level 1 in Poison Magic
  4143 | D:3      | Reached *** piety under Dithmenos
  4363 | D:3      | Found a stormy altar of Qazlal.
  4614 | D:4      | Learned a level 1 spell: Beastly Appendage
  4619 | D:4      | Noticed Sigmund
  4630 | D:4      | Killed Sigmund
  4631 | D:4      | Reached skill level 5 in Unarmed Combat
  4641 | D:4      | Noticed Robin
  4929 | D:4      | Your scales start taking on an icy white colour.
  4929 | D:4      | Reached XP level 7. HP: 41/52 MP: 7/10
  4929 | D:4      | Gained mutation: Your flesh is cold resistant. (rC+) [White
                  | Draconian growth]
  4990 | D:4      | Learned a level 4 spell: Ice Form
  5062 | D:4      | Killed Robin
  5214 | D:4      | Reached skill level 1 in Ice Magic
  5631 | D:4      | Found a runed translucent door.
  5632 | D:4      | Noticed Crazy Yiuf
  5639 | D:4      | Killed Crazy Yiuf
  5640 | D:4      | Reached skill level 2 in Ice Magic
  6027 | D:5      | Entered Level 5 of the Dungeon
  6040 | D:5      | Found a staircase to the Ecumenical Temple.
  6243 | D:5      | Reached skill level 3 in Ice Magic
  6269 | D:5      | Found a sand-covered staircase.
  6614 | D:5      | Reached skill level 4 in Ice Magic
  6635 | D:5      | Reached XP level 8. HP: 27/62 MP: 11/11
  6666 | D:5      | HP: 1/62 [scorpion zombie (5)]
  7224 | D:5      | Reached skill level 5 in Ice Magic
  7564 | D:6      | Noticed Prince Ribbit
  7578 | D:6      | Reached skill level 6 in Ice Magic
  7587 | D:6      | Killed Prince Ribbit
  7588 | D:6      | Reached skill level 7 in Ice Magic
  8063 | D:6      | Slain by a hornet zombie

Illustrated notes

Levels and vault maps discovered:
D:1:      dpeg_arrival_ratfight, layout_rooms, basic_ecumenical_altar,
          minmay_misc_feat_diagonals, minmay_tiny_reverse_x
D:2:      minmay_recursive_quarters, layout_basic, minmay_circle_x
D:3:      layout_basic, nicolae_qazlal_eye_of_the_storm
D:4:      layout_cave_pods, portal_sewer_entry_b, uniq_robin,
          uniq_crazy_yiuf_cottage, uniq_sigmund
D:5:      layout_basic, minmay_temple_entry_junction_2,
          nicolae_ossuary_entry_plus
D:6:      minmay_klotski, layout_basic, uniq_prince_ribbit1

Skill      XL: |  1  2  3  4  5  6  7  8 |
---------------+-------------------------+-----
Transmutations | 3 4 5 |  5.2
Unarmed Combat | 4 5 |  5.8
Poison Magic   | 3 |  3.7
Ice Magic      | 4 7 |  7.3
Fighting       | 2 |  2.6
Dodging        | |  1.7
Spellcasting   | |  2.0

Action                   |  1- 3 |  4- 6 |  7- 9 || total
-------------------------+-------+-------+-------++-------
Melee: Unarmed           |    22 |    52 |   144 ||   218
       Kick              |    19 |     1 |     1 ||    21
       Tailslap          |     9 |     8 |     2 ||    19
       Headbutt          |     8 |     3 |     1 ||    12
       Punch             |     1 |     1 |     2 ||     4
       Short sword       |    59 |    89 |    17 ||   165
Throw: Javelin           |     3 |     9 |       ||    12
       Stone             |       |     3 |     1 ||     4
 Cast: Beastly Appendage |    20 |    10 |     1 ||    31
       Spider Form       |       |    13 |    24 ||    37
 Abil: Breathe Frost     |       |       |     2 ||     2
  Use: Scroll            |       |     4 |       ||     4
       Potion            |       |     3 |     4 ||     7
Armor: Skin              |    42 |    33 |    12 ||    87
Dodge: Dodged            |   116 |   176 |   150 ||   442

Table legend: (Time is in decaauts)
 A = Elapsed time spent in this place.
 B = Non-inter-level travel time spent in this place.
 C = Inter-level travel time spent in this place.
 D = Time resting spent in this place.
 E = Time spent auto-exploring this place.
 F = Levels seen in this place.
 G = Mean time per level.
                   A        B        C        D        E       F      G
               +--------+--------+--------+--------+--------+-----+--------+
         Total |   8047 |   7853 |    194 |   2816 |   3710 |   6 | 1341.2 |
       Dungeon |   8047 |   7853 |    194 |   2816 |   3710 |   6 | 1341.2 |
               +--------+--------+--------+--------+--------+-----+--------+

Top non-repeatable levels by time:
     D:2: 2205 daAuts
     D:4: 1534 daAuts
     D:5: 1509 daAuts
     D:1: 1384 daAuts
     D:3: 917 daAuts
     D:6: 495 daAuts
